 Dungeon Crawl Stone Soup version 0.31-a0-182-gc5ef74bbde (webtiles) character file.

Game seed: 17038763360378993657

16 qw the Shooter (level 2, 0/26 HPs)
             Began as a Naga Hunter on June 20, 2023.
             Frozen to death by an endoplasm (5 damage)
             ... on level 1 of the Dungeon.
             The game lasted 00:00:09 (394 turns).

qw the Shooter (Naga Hunter)                         Turns: 394, Time: 00:00:09

Health: 0/26       AC:  2    Str: 13    XL:     2   Next: 54%
Magic:  2/2        EV:  9    Int:  9    God:
Gold:   15         SH:  0    Dex: 14    Spells: 1/1 levels left

rFire   . . .        a - +0 shortbow
rCold   . . .        (shield currently unavailable)
rNeg    . . .        c - +0 leather armour
rPois   +            (no helmet)
rElec   .            (no cloak)
rCorr   .            (no gloves)
SInv    +            (no barding)
Will    .....        (no amulet)
Stlth   ++           (no ring)
HPRegen 0.24/turn    (no ring)
MPRegen 0.08/turn

%: no passive effects
@: short of breath, very slow
A: AC +0, large, see invisible, deformed body, poison resistance, slowness 2,
spit poison 1, naga tail 1
a: Spit Poison


You were on level 1 of the Dungeon.
You visited 1 branch of the dungeon, and saw 1 of its levels.

You collected 15 gold pieces.


Innate Abilities, Weirdness & Mutations

Your serpentine skin is tough. (AC +0)
You have supernaturally acute eyesight. (SInv)
Armour fits poorly on your strangely shaped body.
Your system is resistant to poisons. (rPois)
You cover ground very slowly.
You can spit poison.
You have a snake-like lower body.


   Skills:
 - Level 2.0 Fighting
 + Level 4.2 Ranged Weapons
 - Level 1.5 Dodging
 - Level 1.5 Stealth


You had one spell level left.
You didn't know any spells.
Your spell library was empty.

Inventory:

Hand Weapons
 a - a +0 shortbow (weapon)
Armour
 c - a +0 leather armour (worn)
Jewellery
 h - a +5 ring of evasion
Scrolls
 b - a scroll of butterflies
 d - a scroll of identify {unknown}
 f - a scroll of immolation {unknown}
Potions
 e - 2 potions of degeneration {unknown}
 g - 2 potions of brilliance {unknown}

Dungeon Overview and Level Annotations

Branches:
Dungeon (1/15)

Altars:


Message History

The goblin hits you with a +0 dagger. The frilled lizard barely misses you.
The endoplasm freezes you.
You are frozen.
You shoot an arrow. The arrow closely misses the goblin.
You have got your breath back.
The endoplasm freezes you.
You are frozen.
The frilled lizard bites you but does no damage.
The goblin hits you with a +0 dagger.
390 ||| INVOKING Spit Poison.
Aiming: Spit Poison (2% risk of failure)
Press: ? - help, Shift-Dir - straight line, f/p - goblin The splash of poison hits the goblin.
The goblin is poisoned.
The goblin is heavily wounded.
The endoplasm closely misses you. The frilled lizard closely misses you.
The goblin completely misses you.
You shoot an arrow. The arrow hits the goblin.
You kill the goblin!
The jackal barely misses you. The endoplasm barely misses you.
The frilled lizard barely misses you.
You shoot an arrow.
The arrow hits the jackal but does no damage.
You have got your breath back.
The jackal bites you. The endoplasm hits you.
The frilled lizard barely misses you.
The jackal bites you but does no damage.
393 ||| INVOKING Spit Poison.
Aiming: Spit Poison (2% risk of failure)
Press: ? - help, Shift-Dir - straight line, f/p - jackal The splash of poison misses the jackal.
The endoplasm freezes you.
You are frozen.
The frilled lizard barely misses you. The jackal closely misses you.
You shoot an arrow. The arrow closely misses the jackal.
The jackal bites you but does no damage.
The endoplasm hits you. The frilled lizard closely misses you.
The jackal closely misses you. The frilled lizard barely misses you.
The endoplasm freezes you.
You are frozen.
You die...

.# .# .##########
.##.......# #######
###.......# !..$..!
###.......### .......
............## ..%....
###%......#..####h.%..!.
############....@l......
........ #####J)......
####.... .........
........ ....>.:...
........ ...#...[...
........ .... #.#####
#....... ..... ..
#....... ...... #..
#.......


You could see an endoplasm, a jackal and a frilled lizard.

Vanquished Creatures
  A dart slug (D:1)
  An endoplasm (D:1)
  2 goblins (D:1)
  2 hobgoblins (D:1)
  3 jackals (D:1)
  A quokka (D:1)
  A bat (D:1)
11 creatures vanquished.

Notes
Turn   | Place    | Note
-------+----------+-------------------------------------------
     0 | D:1      | qw the Naga Hunter began the quest for the Orb.
     0 | D:1      | Reached XP level 1. HP: 19/19 MP: 1/1
     0 | D:1      | 0 ||| qw: Version: 0.3-a-9-g12657ce
     0 | D:1      | 0 ||| qw: Game counter: 1278
     0 | D:1      | 0 ||| qw: Always use a shield: true
     0 | D:1      | 0 ||| qw: God list: Okawaru
     0 | D:1      | 0 ||| qw: Allow faded altars: false
     0 | D:1      | 0 ||| qw: Do Orc after D:15 true
     0 | D:1      | 0 ||| qw: Do second Lair branch before Depths: true
     0 | D:1      | 0 ||| qw: Lair rune preference: random
     0 | D:1      | 0 ||| qw: Plans: Normal
     0 | D:1      | 0 ||| PLANNING D:1-11
   141 | D:1      | 141 ||| INVOKING Spit Poison.
   151 | D:1      | 151 ||| INVOKING Spit Poison.
   198 | D:1      | 198 ||| FLEEEEING.
   201 | D:1      | 201 ||| FLEEEEING.
   208 | D:1      | 208 ||| INVOKING Spit Poison.
   212 | D:1      | Reached skill level 4 in Ranged Weapons
   212 | D:1      | Reached XP level 2. HP: 17/26 MP: 2/2
   281 | D:1      | 281 ||| INVOKING Spit Poison.
   359 | D:1      | 359 ||| INVOKING Spit Poison.
   380 | D:1      | 380 ||| INVOKING Spit Poison.
   387 | D:1      | 387 ||| INVOKING Spit Poison.
   390 | D:1      | 390 ||| INVOKING Spit Poison.
   393 | D:1      | 393 ||| INVOKING Spit Poison.
   393 | D:1      | HP: 6/26 [frozen (5)]
   394 | D:1      | Frozen to death by an endoplasm

Levels and vault maps discovered:
D:1:      dpeg_cavernosity, layout_basic

Skill      XL: |  1 |
---------------+----+-----
Ranged Weapons | 4 |  4.2
Fighting       | |  2.0
Dodging        | |  1.5
Stealth        | |  1.5

Action                     || total
---------------------------++-------
   Fire: Shortbow          ||    24
Ability: Spit Poison       ||     9
 Armour: Leather armour    ||     7
  Dodge: Dodged            ||    18

Table legend:
 A = Non-vault XP
 B = Vault XP
 C = Vault XP percentage of total XP
 D = Non-vault monster count
 E = Vault monster count
 F = Vault count percentage of total count
                 A         B        C        D         E       F
            +---------+---------+-------+---------+---------+-------
      Total |      23 |       0 |   0.0 |      11 |       0 |   0.0
            +---------+---------+-------+---------+---------+-------
        D:1 |      23 |       0 |   0.0 |      11 |       0 |   0.0
            +---------+---------+-------+---------+---------+-------
